 Dungeon Crawl Stone Soup version 0.25-a0-589-g1e14c549ee (webtiles) character file.

Game seed: 17657330989920873863, levelgen mode: deterministic

23147 Lentor the Basher (level 12, -17/99 HPs)
             Began as a Demonspawn Fighter on Mar 9, 2020.
             Was a Priest of Qazlal.
             Hit by a silver javelin thrown by a minotaur (22 damage)
             ... on level 3 of the Lair of Beasts on Mar 10, 2020.
             The game lasted 01:02:29 (15381 turns).

Lentor the Basher (Demonspawn Fighter)             Turns: 15381, Time: 01:02:29

Health: -17/99     AC: 17    Str: 20    XL:     12   Next: 69%
Magic:  23/23      EV:  7    Int: 11    God:    Qazlal [***...]
Gold:   539        SH: 16    Dex: 13    Spells: 11/11 levels left

rFire    + + +     SeeInvis .   y - +2 flail of Ifaeleufu {flame, rF+++ rC- MP+9 Stlth-}
rCold    x . .     Gourm    .   c - +0 kite shield
rNeg     + . .     Faith    .   n - +1 plate armour
rPois    .         Spirit   .   (no helmet)
rElec    .         Reflect  .   G - +1 cloak {MR+}
rCorr    .         Harm     +   (no gloves)
MR       +....                  (boots unavailable)
Stlth    ..........             g - amulet of harm
HPRegen  0.26/turn              w - ring of positive energy
MPRegen  0.18/turn              I - +2 ring of evasion

@: no status effects
A: talons 3, rugged brown scales 1, nightstalker 2, powered by death 1
a: Upheaval, Elemental Force, Renounce Religion


You were on level 3 of the Lair of Beasts.
You worshipped Qazlal.
Qazlal was most pleased with you.
You were not hungry.

You visited 3 branches of the dungeon, and saw 15 of its levels.
You also visited: Ossuary.

You collected 608 gold pieces.
You spent 69 gold pieces at shops.

Inventory:

Hand Weapons
 y - the +2 flail of Ifaeleufu (weapon) {flame, rF+++ rC- MP+9 Stlth-}
   (You found it on level 5 of the Dungeon)

   It has been specially enchanted to burn those struck by it, causing extra
   injury to most foes and up to half again as much damage against particularly
   susceptible opponents.
   It renders you almost immune to fire.
   It makes you vulnerable to cold.
   It affects your magic capacity (+9).
   It makes you less stealthy.
 L - the +7 dire flail of Zeirogg {pain, Fragile rN+++ MP+9}
   (You took it off a two-headed ogre on level 7 of the Dungeon)

   In the hands of one skilled in necromantic magic, it inflicts extra damage on
   living creatures.
   It renders you almost immune to negative energy.
   It affects your magic capacity (+9).
   It will be destroyed if unequipped.
Missiles
 o - 52 poisoned darts (quivered)
 N - 5 datura-tipped darts
Armour
 c - a +0 kite shield (worn)
 i - a +2 cloak
 n - a +1 plate armour (worn)
 G - a +1 cloak of magic resistance (worn)
Jewellery
 g - an amulet of harm (around neck)
 r - a +5 ring of intelligence
 w - a ring of positive energy (left hand)
 E - an uncursed ring of fire
 I - a +2 ring of evasion (right hand)
Wands
 d - a wand of disintegration (11)
 e - a wand of clouds (6)
 t - a wand of iceblast (5)
 v - a wand of scattershot (7)
 x - a wand of polymorph (6)
 A - a wand of flame (44)
 F - a wand of digging (7)
 H - a wand of enslavement (11)
Scrolls
 j - 4 scrolls of remove curse
 k - 8 scrolls of teleportation
 q - 3 scrolls of fear
 u - 3 scrolls of magic mapping
 J - 3 scrolls of amnesia
 M - a scroll of identify
Potions
 a - 2 potions of resistance
 b - 2 potions of haste
 h - a potion of invisibility {unknown}
 l - 3 potions of curing
 p - 2 potions of flight {unknown}
 s - 2 potions of stabbing
 z - 4 potions of brilliance
 B - a potion of berserk rage {unknown}
 C - a potion of mutation {unknown}
 D - a potion of ambrosia {unknown}
 O - a potion of magic {unknown}
Miscellaneous
 m - a fan of gales
Comestibles
 f - 24 rations


   Skills:
 + Level 10.1 Fighting
 * Level 13.3 Maces & Flails
 + Level 0.8 Throwing
 + Level 7.8 Armour
 + Level 1.3 Dodging
 + Level 1.0 Stealth
 + Level 8.5 Shields
 + Level 2.8 Invocations
 + Level 1.6 Evocations


You had 11 spell levels left.
You didn't know any spells.
Your spell library contained the following spells:

 Spells                   Type           Power        Failure   Level  Hunger
 Infusion                 Chrm           #...         100%        1    ##.....
 Shroud of Golubria       Chrm/Tloc      #.....       100%        2    ###....
 Song of Slaying          Chrm           #.......     100%        2    ###....
 Ozocubu's Armour         Chrm/Ice       #.......     100%        3    ####...
 Spectral Weapon          Hex/Chrm       #.......     100%        3    ####...
 Bolt of Magma            Conj/Fire/Erth #.........   100%        5    ######.
 Iskenderun's Battlesphe  Conj/Chrm      #.......     100%        5    ######.
 Iron Shot                Conj/Erth      #.........   100%        6    #######
 Orb of Destruction       Conj           #.........   100%        7    #######
 Spellforged Servitor     Conj/Summ      #.........   100%        7    #######


Dungeon Overview and Level Annotations

Branches:
Dungeon (10/15)            Temple (1/1) D:5            Lair (4/6) D:10
  Snake (0/4) Lair:2          Orc (0/2) D:9         Ossuary (visited)
  Swamp: Lair:2-4    Shoals: Lair:2-4

Altars:
Ashenzari
Cheibriados
Dithmenos
Elyvilon
Fedhas
Gozag
Hepliaklqana
Kikubaaqudgha
Makhleb
Nemelex Xobeh
Okawaru
Qazlal
Ru
Sif Muna
Trog
Uskayaw
Vehumet
Wu Jian
Xom
Yredelemnul
Zin
The Shining One

Shops:
D:6 *

Annotations:
Lair:3 Raiwk's ghost, journeyman DrAE


Innate Abilities, Weirdness & Mutations

You have claws for feet.
You are partially covered in rugged brown scales. (AC +1, +3% HP)
You are significantly more attuned to the shadows.
You regenerate a little health from kills.


Message History

The minotaur throws a silver javelin.
The silver javelin pierces through you. The silver sears you!
You see here a silver javelin.
The minotaur throws a silver javelin.
The silver javelin pierces through you!!
* * * LOW HITPOINT WARNING * * *
The silver sears you!
* * * LOW HITPOINT WARNING * * *
You see here a silver javelin.
The minotaur throws a silver javelin.
The silver javelin closely misses you.
You see here 2 silver javelins.
The minotaur throws a silver javelin.
The silver javelin pierces through you.
* * * LOW HITPOINT WARNING * * *
The silver sears you!
* * * LOW HITPOINT WARNING * * *
You hit the fungus. You burn the fungus. You claw the fungus!
The fungus is moderately damaged.
The minotaur throws a silver javelin.
The silver javelin pierces through you!!
You die...

......##....##.....P..#.#
.....##...#.##..........####
...†.##......##............###
.....###..#.###.......#[.....#
.P..........##(.......###....#
P.P........(H.(...#...####.#.#
.P........###.#.........####.#
.....##...#.#....#......#.##.##
...............○@P.........#..#
.................(....>......##
......#......................#
..............#P.#...........#
##..#.....##..##..##...##....##
..........................<..P#
..............................#
.(.....................[.....##
.##.#.....####..###...##.##.P#


You could see a minotaur.

Vanquished Creatures
  5 hydras
  Erica (D:8)
  3 two-headed ogres
  Urug (Lair:2)
  An unseen horror (D:10)
  The ghost of Beaer the Spear-Bearer, a novice FoAK of Lugonu (D:7)
  An elephant (Lair:3)
  3 black mambas
  3 spiny frogs
  A kobold demonologist (D:10)
  5 komodo dragons
  A hornet (D:9)
  Prince Ribbit (D:6)
  7 hippogriffs
  Sigmund (D:4)
  A wyvern (Lair:3)
  11 yaks
  Eustachio (D:6)
  2 nagas (Lair:2)
  6 water moccasins
  5 porcupines
  A hornet zombie (D:9)
  5 ice beasts
  A sky beast (D:10)
  5 orc warriors
  2 black bears (D:7)
  2 phantoms
  3 ogres
  3 centaurs
  6 crocodiles
  A big kobold (D:9)
  11 bullfrogs
  3 elf zombies (Ossuary)
  5 scorpions
  7 wights
  4 killer bees (D:8)
  A howler monkey (D:7)
  2 electric eels (D:9)
  5 crimson imps
  A centaur zombie (Ossuary)
  12 orc priests
  4 hounds
  3 jellies
  17 orc wizards
  A bullfrog skeleton (D:5)
  2 centaur skeletons
  Jessica (D:2)
  An iguana (D:8)
  8 worker ants
  2 mummies (Ossuary)
  A worker ant zombie (D:5)
  14 adders
  12 gnolls
  2 shadow imps
  2 oozes (D:2)
  An adder zombie (Ossuary)
  An adder skeleton (D:5)
  3 worms
  3 dart slugs
  4 leopard geckos
  52 orcs
  10 giant cockroaches
  13 goblins
  7 hobgoblins
  7 jackals
  8 kobolds
  5 quokkas
  A ball python (D:1)
  7 bats
  5 frilled lizards
  4 goblin zombies (Ossuary)
  6 hobgoblin zombies (Ossuary)
  2 jackal zombies (Ossuary)
  5 kobold zombies (Ossuary)
  14 orc zombies (Ossuary)
  4 rats
  2 plants
375 creatures vanquished.

Vanquished Creatures (collateral kills)
  A catoblepas (Lair:2)
1 creature vanquished.

Vanquished Creatures (others)
  A spiny frog (Lair:3)
  A leopard gecko (D:4)
  A quokka (D:4)
  A fungus (Lair:3)
  2 plants
6 creatures vanquished.

Grand Total: 382 creatures vanquished

Notes
Turn   | Place    | Note
-------+----------+-------------------------------------------
     0 | D:1      | Lentor the Demonspawn Fighter began the quest for the Orb.
     0 | D:1      | Reached XP level 1. HP: 18/18 MP: 1/1
    96 | D:1      | Reached skill level 2 in Maces & Flails
    96 | D:1      | Gained mutation: You regenerate a little health from kills.
                  | [demonic ancestry]
    96 | D:1      | Reached XP level 2. HP: 24/24 MP: 2/2
   670 | D:2      | Gained mutation: You have sharp toenails. [demonic
                  | ancestry]
   670 | D:2      | Reached XP level 3. HP: 10/29 MP: 3/3
   901 | D:2      | Reached skill level 3 in Maces & Flails
  1166 | D:2      | Noticed Jessica
  1181 | D:2      | Killed Jessica
  1181 | D:2      | Gained mutation: You are slightly more attuned to the
                  | shadows. [demonic ancestry]
  1181 | D:2      | Reached XP level 4. HP: 36/37 MP: 4/4
  1476 | D:2      | Found a hide-covered altar of Uskayaw.
  1877 | D:2      | Reached XP level 5. HP: 39/42 MP: 5/5
  2074 | D:3      | Noticed an ice beast
  2086 | D:3      | Killed an ice beast
  2086 | D:3      | Reached skill level 4 in Maces & Flails
  2512 | D:3      | Gained mutation: You have razor-sharp toenails. [demonic
                  | ancestry]
  2512 | D:3      | Reached XP level 6. HP: 36/49 MP: 6/6
  2704 | D:3      | Found a radiant altar of Vehumet.
  3091 | D:3      | Found a blossoming altar of Fedhas.
  3200 | D:3      | Reached skill level 5 in Maces & Flails
  3280 | D:4      | Noticed an orc warrior
  3292 | D:4      | Killed an orc warrior
  3292 | D:4      | Reached skill level 5 in Fighting
  3303 | D:4      | Gained mutation: You are significantly more attuned to the
                  | shadows. [demonic ancestry]
  3303 | D:4      | Reached XP level 7. HP: 22/56 MP: 7/7
  3592 | D:4      | Reached skill level 6 in Maces & Flails
  3846 | D:4      | Found a shimmering altar of Xom.
  4078 | D:4      | Noticed Sigmund
  4199 | D:4      | Killed Sigmund
  4199 | D:4      | Reached skill level 7 in Maces & Flails
  4199 | D:4      | Reached XP level 8. HP: 64/64 MP: 8/8
  4485 | D:5      | Entered Level 5 of the Dungeon
  4607 | D:5      | Found a staircase to the Ecumenical Temple.
  4614 | Temple   | Entered the Ecumenical Temple
  4960 | D:5      | Got a brightly glowing flail
  4961 | D:5      | Identified the cursed +2 flail of Ifaeleufu {flame, rF+++
                  | rC- MP+9 Stlth-} (You found it on level 5 of the Dungeon)
  4997 | D:5      | Found an ancient bone altar of Kikubaaqudgha.
  4997 | D:5      | Found a stormy altar of Qazlal.
  5026 | D:5      | Became a worshipper of Qazlal Stormbringer
  5091 | D:5      | Reached skill level 8 in Maces & Flails
  5587 | D:6      | Noticed Prince Ribbit
  5600 | D:6      | Noticed Eustachio
  5611 | D:6      | Killed Eustachio
  5656 | D:6      | Found a sparkling altar of Nemelex Xobeh.
  5765 | D:6      | Killed Prince Ribbit
  5765 | D:6      | Reached skill level 9 in Maces & Flails
  5765 | D:6      | Gained mutation: You are partially covered in rugged brown
                  | scales. (AC +1, +3% HP) [demonic ancestry]
  5765 | D:6      | Reached XP level 9. HP: 67/74 MP: 9/9
  5772 | D:6      | Reached * piety under Qazlal
  5777 | D:6      | Found Woejouc's Assorted Antiques.
  5785 | D:6      | Bought a scroll labeled NAINAQEYNWAIS for 23 gold pieces
  5785 | D:6      | Bought a scroll of identify for 46 gold pieces
  6030 | D:6      | Found a white marble altar of Elyvilon.
  6040 | D:6      | Found a sand-covered staircase.
  6047 | Ossuary  | Entered an ossuary
  6155 | Ossuary  | Reached ** piety under Qazlal
  6770 | D:7      | Reached skill level 10 in Maces & Flails
  6818 | D:7      | Found a transporter.
  6820 | D:7      | Noticed Beaer's ghost (novice FoAK)
  6822 | D:7      | Identified the +7 dire flail of Zeirogg {pain, Fragile
                  | rN+++ MP+9}
  6822 | D:7      | Noticed a two-headed ogre
  6914 | D:7      | Found a bloodstained altar of Trog.
  7073 | D:7      | Got a pitted long sword
  7074 | D:7      | Identified the +8 long sword of Balih {venom, +Blink Str+3
                  | Int-2 Dex+2} (You found it on level 7 of the Dungeon)
  7659 | D:8      | Reached XP level 10. HP: 84/84 MP: 10/10
  7933 | D:8      | Reached *** piety under Qazlal
  7996 | D:8      | Noticed Erica
  8004 | D:8      | Killed Erica
  8152 | D:8      | Reached skill level 11 in Maces & Flails
  8398 | D:9      | Noticed a two-headed ogre
  8919 | D:9      | Reached skill level 5 in Shields
  8956 | D:9      | Killed a two-headed ogre
  8956 | D:9      | Reached skill level 1 in Invocations
  8977 | D:9      | Noticed a two-headed ogre
  8987 | D:9      | Killed a two-headed ogre
  9018 | D:9      | Found a staircase to the Orcish Mines.
  9119 | D:9      | Found an opulent altar of Gozag.
  9137 | D:9      | Found a snail-covered altar of Cheibriados.
  9292 | D:9      | Found an iron altar of Okawaru.
  9605 | D:10     | Entered Level 10 of the Dungeon
  9733 | D:10     | Gained mutation: You have claws for feet. [demonic
                  | ancestry]
  9733 | D:10     | Reached XP level 11. HP: 91/91 MP: 11/11
  9850 | D:10     | Found a staircase to the Lair.
  9914 | D:10     | Reached skill level 1 in Dodging
  9927 | D:10     | Killed an unseen horror
  9974 | D:10     | Reached skill level 5 in Armour
 10219 | D:10     | Noticed a soul eater
 10908 | D:7      | Found a transporter.
 10918 | D:7      | Killed a two-headed ogre
 10933 | D:7      | Killed Beaer's ghost
 10933 | D:7      | Reached skill level 12 in Maces & Flails
 11052 | Lair:1   | Entered Level 1 of the Lair of Beasts
 11972 | Lair:2   | Noticed a catoblepas
 12023 | Lair:2   | Killed a catoblepas
 12038 | Lair:2   | Reached skill level 1 in Evocations
 12098 | Lair:2   | Noticed a six-headed hydra
 12102 | Lair:2   | Killed a six-headed hydra
 12178 | Lair:2   | Noticed Urug
 12392 | Lair:2   | Killed Urug
 12392 | Lair:2   | Reached XP level 12. HP: 51/99 MP: 13/13
 12625 | Lair:2   | Noticed a seven-headed hydra
 12632 | Lair:2   | Killed a seven-headed hydra
 12786 | Lair:2   | Found a staircase to the Snake Pit.
 12968 | Lair:2   | You fall into a shaft and drop 2 floors!
 13436 | Lair:3   | Noticed a four-headed hydra
 13440 | Lair:3   | Killed a four-headed hydra
 13440 | Lair:3   | Reached skill level 10 in Fighting
 13440 | Lair:3   | Reached skill level 13 in Maces & Flails
 13442 | Lair:3   | Found a runed translucent gate.
 13442 | Lair:3   | Found a runed translucent gate.
 13442 | Lair:3   | Noticed Raiwk's ghost (journeyman DrAE)
 13442 | Lair:3   | Noticed a minotaur
 13443 | Lair:3   | Found a runed translucent gate.
 13443 | Lair:3   | Noticed a five-headed hydra
 13949 | Lair:2   | Reached skill level 1 in Stealth
 14365 | Lair:3   | Noticed a five-headed hydra
 14375 | Lair:3   | Killed a five-headed hydra
 15173 | Lair:3   | Killed a five-headed hydra
 15381 | Lair:3   | Hit by a silver javelin thrown by a minotaur

Levels and vault maps discovered:
D:1:      dpeg_arrival_tiny_a, layout_basic, hangedman_abyss_or_decor_stabs
D:2:      layout_loops_ring, nicolae_overflow_crystal_walls, uniq_jessica
D:3:      layout_basic, fedhas_altar_2, marbit_many_paths, first_ration,
          minmay_misc_feat_rugged, minmay_misc_feat_nine_boxes, corner_web_ring
D:4:      layout_basic, xom_confusion_cloud, grunt_decor_cap,
          guppyfry_early_orc_mine, uniq_sigmund
D:5:      layout_loops_ring, gammafunk_temple_overflow_statue,
          minmay_temple_entry_statues_fountains, minivault_26,
          minmay_misc_feat_doors
D:6:      layout_cave_pods, kennysheep_mini_moat,
          nemelex_xobeh_ov_fountains_minmay,
          lightli_ossuary_entry_decrepit_ruins, serial_shops,
          nicolae_shop_crystal, kennysheep_another_room,
          kennysheep_generic_room_11, uniq_prince_ribbit1, uniq_eustachio
D:7:      layout_cave_pods, trog_ov_bears_minmay, gammafunk_ghost_smash
D:8:      layout_rooms, minmay_quadrilaterals, uniq_erica
D:9:      layout_rooms, old_standard_altar, kennysheep_little_box,
          okawaru_metal_pillars_3, erik_orc_2, blue_anna_alchemist
          [blue_anna_fruit_fields, blue_anna_fruit_fields],
          minmay_misc_feat_tiny
D:10:     layout_irregular_city, david_lair_shrubbed
Temple:   compressed_dpeg_circular_temple
Lair:1:   layout_gridlike, grunt_megastairs_5, lemuel_fruit_fields
Lair:2:   layout_long_grid, minmay_snake_entry_guardpost_small,
          grunt_megastairs_3, uniq_urug
Lair:3:   layout_gridlike, maelrawn_ghost_gauntlet_escape,
          hangedman_lair_generics_rect
Lair:4:   layout_cave_shapes, swamp_mist, cheibrodos_lair_caveside_slide

Skill      XL: |  1  2  3  4  5  6  7  8  9 10 11 12 |
---------------+-------------------------------------+-----
Maces & Flails | 2 3 4 5 7 9 10 11 12 13 | 13.3
Fighting       | 4 5 6 7 8 9 10 | 10.1
Shields        | 3 5 7 8 |  8.5
Armour         | 3 4 6 7 |  7.8
Invocations    | 1 2 |  2.8
Dodging        | 1 |  1.3
Evocations     | 1 |  1.6
Stealth        | 1 |  1.0
Throwing       | |  0.8

Action                   |  1- 3 |  4- 6 |  7- 9 | 10-12 || total
-------------------------+-------+-------+-------+-------++-------
Melee: Flail             |   137 |   180 |   517 |   493 ||  1327
       Kick              |     7 |    33 |   132 |   135 ||   307
Throw: Dart              |       |       |       |     4 ||     4
Invok: Upheaval          |       |       |     1 |     8 ||     9
       Elemental Force   |       |       |       |     1 ||     1
Evoke: Wand              |       |       |       |     7 ||     7
  Use: Potion            |     1 |       |     1 |     7 ||     9
       Scroll            |       |       |    17 |     9 ||    26
 Stab: Confused          |       |       |       |     1 ||     1
  Eat: Chunk             |     1 |     7 |    11 |    17 ||    36
       Ration            |       |       |     1 |     3 ||     4
Armor: Scale mail        |    68 |    13 |       |       ||    81
       Plate armour      |       |   105 |   263 |   224 ||   592
Dodge: Dodged            |    42 |    20 |    54 |    68 ||   184
Block: Kite shield       |    81 |   111 |   248 |   323 ||   763

Table legend:
 A = Non-vault XP
 B = Vault XP
 C = Vault XP percentage of total XP
 D = Non-vault monster count
 E = Vault monster count
 F = Vault count percentage of total count
                 A         B        C        D         E       F
            +---------+---------+-------+---------+---------+-------
      Total |   21841 |   11227 |  34.0 |     279 |      95 |  25.4
            +---------+---------+-------+---------+---------+-------
        D:1 |      38 |       0 |   0.0 |      19 |       0 |   0.0
        D:2 |     123 |      37 |  23.1 |      34 |       1 |   2.9
        D:3 |     340 |       1 |   0.3 |      22 |       1 |   4.3
        D:4 |     594 |     447 |  42.9 |      19 |       9 |  32.1
        D:5 |     753 |       0 |   0.0 |      27 |       0 |   0.0
        D:6 |     721 |     605 |  45.6 |      26 |       3 |  10.3
        D:7 |     853 |    2038 |  70.5 |      21 |       5 |  19.2
        D:8 |    1143 |    1081 |  48.6 |      24 |       3 |  11.1
        D:9 |    2878 |     598 |  17.2 |      29 |      20 |  40.8
       D:10 |    2857 |     316 |  10.0 |      15 |       1 |   6.2
     Lair:1 |    2106 |     404 |  16.1 |      14 |       2 |  12.5
     Lair:2 |    5372 |    1846 |  25.6 |      15 |       6 |  28.6
     Lair:3 |    4063 |    3466 |  46.0 |      14 |       6 |  30.0
    Ossuary |       0 |     388 | 100.0 |       0 |      38 | 100.0
            +---------+---------+-------+---------+---------+-------
